 Dungeon Crawl Stone Soup version 0.24.0-2-g5b39cebb1c (console) character file.

Game seed: 6263395001714593900, levelgen mode: deterministic

73 Kagalorn the Vexing (level 4, 0/34 HPs)
             Began as a Gnoll Arcane Marksman on Oct 30, 2019.
             Slain by an adder (1 damage)
             ... on level 2 of the Dungeon.
             The game lasted 00:05:09 (849 turns).

Kagalorn the Vexing (Gnoll Arcane Marksman)          Turns: 849, Time: 00:05:09

Health: 0/34       AC:  5    Str: 13    XL:     4   Next: 27%
Magic:  8/8        EV: 13    Int: 15    God:
Gold:   74         SH:  0    Dex: 16    Spells: 7/8 levels left

rFire    . . .     SeeInvis .   a - +0 hand crossbow
rCold    . . .     Gourm    .   (no shield)
rNeg     . . .     Faith    .   h - +0 ring mail
rPois    .         Spirit   .   (no helmet)
rElec    .         Reflect  .   (no cloak)
rCorr    .         Harm     .   (no gloves)
MR       .....                  (no boots)
Stlth    +.........             (no amulet)
HPRegen  0.11/turn              (no ring)
MPRegen  0.11/turn              (no ring)

@: lethally poisoned (0 -> -5)
A: distributed training, fangs 1, strong nose
a: no special abilities


You were on level 2 of the Dungeon.
You were not hungry.

You visited 1 branch of the dungeon, and saw 2 of its levels.

You collected 74 gold pieces.

Inventory:

Hand Weapons
 a - a +0 hand crossbow (weapon)
Missiles
 d - 9 bolts (quivered)
 g - 4 stones
 i - 33 arrows
 n - 3 silver javelins
Armour
 h - a +0 ring mail (worn)
Scrolls
 j - 2 scrolls of identify {unknown}
 l - a scroll of magic mapping {unknown}
 o - a scroll of fear {unknown}
 q - a scroll of blinking {unknown}
Potions
 b - a potion of lignification {unknown}
 c - a potion of mutation {unknown}
 e - 2 potions of heal wounds {unknown}
 k - a potion of berserk rage {unknown}
 m - a potion of curing {unknown}
 p - a potion of cancellation {unknown}
Comestibles
 f - 2 rations


   Skills:
 + Level 2.7 Fighting
 + Level 1.0 Short Blades
 + Level 1.0 Long Blades
 + Level 1.0 Axes
 + Level 1.0 Maces & Flails
 + Level 1.0 Polearms
 + Level 1.0 Staves
 + Level 1.0 Slings
 + Level 1.0 Bows
 + Level 4.6 Crossbows
 + Level 1.0 Throwing
 + Level 1.0 Armour
 + Level 4.6 Dodging
 + Level 1.0 Stealth
 + Level 1.0 Shields
 + Level 1.0 Unarmed Combat
 + Level 2.9 Spellcasting
 + Level 0.8 Conjurations
 + Level 5.4 Hexes
 + Level 0.8 Charms
 + Level 0.8 Summonings
 + Level 0.8 Necromancy
 + Level 0.8 Translocations
 + Level 0.8 Transmutations
 + Level 0.8 Fire Magic
 + Level 0.8 Ice Magic
 + Level 0.8 Air Magic
 + Level 0.8 Earth Magic
 + Level 0.8 Poison Magic
 + Level 1.1 Invocations
 + Level 1.0 Evocations


You had 7 spell levels left.
You knew the following spells:

 Your Spells              Type           Power        Failure   Level  Hunger
a - Corona                Hex            ###....      4%          1    #......

Your spell library contained the following spells:

 Spells                   Type           Power        Failure   Level  Hunger
 Slow                     Hex            ###.....     7%          2    ##.....
 Inner Flame              Hex/Fire       ##......     34%         3    ###....
 Portal Projectile        Hex/Tloc       ##....       34%         3    ###....
 Cause Fear               Hex            ###.......   41%         4    #####..
 Leda's Liquefaction      Hex/Erth       ##........   75%         4    #####..


Dungeon Overview and Level Annotations

Branches:
Dungeon (2/15)

Altars:


Innate Abilities, Weirdness & Mutations

Your experience applies equally to all skills.
You have very sharp teeth.
Your uncanny sense of smell can sniff out nearby items.


Message History

Really attack while wielding your +0 hand crossbow? [Y]es or [N]o only, please.
Really attack while wielding your +0 hand crossbow?
You clumsily bash the adder but do no damage.
Your bite misses the adder. The adder bites you. x2
* * * LOW HITPOINT WARNING * * *
You closely miss the adder. The adder closely misses you. The adder bites you.
* * * LOW HITPOINT WARNING * * *
You clumsily bash the adder but do no damage.
The adder bites you but does no damage. The adder misses you.
You miss the adder. The adder closely misses you. The adder barely misses you.
Your ring mail prevents you from hitting the adder.
The adder closely misses you. The adder bites you.
* * * LOW HITPOINT WARNING * * *
You are lethally poisoned!
The adder poisons you!
You clumsily bash the adder but do no damage.
* * * LOW HITPOINT WARNING * * *
You feel sick. The adder bites you.
You die...

######.#...##.>#
####.#...###.#
..##.#...# #
#.##.#...#
#.##.#...#
#.##.#####
#.##.# #S##.#
#@##.# #.##.#
#.##.# #.##.#
#.##.# #.##.#
#.##.# #.##.#
#.##.#


You could see an adder.

Vanquished Creatures
  Terence (D:2)
  An adder (D:2)
  2 worms (D:2)
  2 dart slugs (D:1)
  A leopard gecko (D:1)
  2 ball pythons
  A bat (D:2)
  3 giant cockroaches
  7 goblins (D:1)
  2 hobgoblins (D:1)
  5 kobolds (D:1)
  2 frilled lizards (D:1)
  A rat (D:1)
30 creatures vanquished.

Vanquished Creatures (others)
  5 toadstools (D:1)
5 creatures vanquished.

Grand Total: 35 creatures vanquished

Notes
Turn   | Place    | Note
-------+----------+-------------------------------------------
     0 | D:1      | Kagalorn the Gnoll Arcane Marksman began the quest for the
                  | Orb.
     0 | D:1      | Reached XP level 1. HP: 17/17 MP: 4/4
    54 | D:1      | Reached XP level 2. HP: 21/23 MP: 3/5
   350 | D:1      | Reached XP level 3. HP: 28/28 MP: 7/7
   728 | D:2      | Reached skill level 1 in Invocations
   762 | D:2      | Noticed Terence
   779 | D:2      | Killed Terence
   779 | D:2      | Reached skill level 1 in Short Blades
   779 | D:2      | Reached skill level 1 in Long Blades
   779 | D:2      | Reached skill level 1 in Axes
   779 | D:2      | Reached skill level 1 in Maces & Flails
   779 | D:2      | Reached skill level 1 in Polearms
   779 | D:2      | Reached skill level 1 in Staves
   779 | D:2      | Reached skill level 1 in Slings
   779 | D:2      | Reached skill level 1 in Bows
   779 | D:2      | Reached skill level 1 in Throwing
   779 | D:2      | Reached skill level 1 in Armour
   779 | D:2      | Reached skill level 1 in Stealth
   779 | D:2      | Reached skill level 1 in Shields
   779 | D:2      | Reached skill level 1 in Unarmed Combat
   779 | D:2      | Reached skill level 1 in Evocations
   779 | D:2      | Reached XP level 4. HP: 6/34 MP: 8/8
   848 | D:2      | HP: 1/34 [adder (3)]
   849 | D:2      | Slain by an adder

Levels and vault maps discovered:
D:1:      ldierk_walled_garden, layout_loops_ring
D:2:      layout_basic, minmay_split_cup_large, uniq_terence, uniq_natasha

Skill      XL: |  1  2  3 |
---------------+----------+-----
Invocations    | 1 |  1.1
Short Blades   | 1 |  1.0
Long Blades    | 1 |  1.0
Axes           | 1 |  1.0
Maces & Flails | 1 |  1.0
Polearms       | 1 |  1.0
Staves         | 1 |  1.0
Slings         | 1 |  1.0
Bows           | 1 |  1.0
Throwing       | 1 |  1.0
Armour         | 1 |  1.0
Stealth        | 1 |  1.0
Shields        | 1 |  1.0
Unarmed Combat | 1 |  1.0
Evocations     | 1 |  1.0
Fighting       | |  2.7
Crossbows      | |  4.6
Dodging        | |  4.6
Spellcasting   | |  2.9
Conjurations   | |  0.8
Hexes          | |  5.4
Charms         | |  0.8
Summonings     | |  0.8
Necromancy     | |  0.8
Translocations | |  0.8
Transmutations | |  0.8
Fire Magic     | |  0.8
Ice Magic      | |  0.8
Air Magic      | |  0.8
Earth Magic    | |  0.8
Poison Magic   | |  0.8

Action                   |  1- 3 |  4- 6 || total
-------------------------+-------+-------++-------
Melee: Hand crossbow     |       |     6 ||     6
 Fire: Hand crossbow     |    73 |     6 ||    79
Throw: Stone             |     5 |       ||     5
       Javelin           |     2 |       ||     2
 Cast: Corona            |     1 |       ||     1
Armor: Robe              |     3 |       ||     3
       Ring mail         |     7 |     1 ||     8
Dodge: Dodged            |    32 |     5 ||    37
